 Dungeon Crawl Stone Soup version 0.31.0-12-g77e489cdc1 (webtiles) character file.

Game seed: 10325438913232397684

1284 GummyBearChampion the Cutter (level 7, 0/40 HPs)
             Began as a Vine Stalker Brigand on Mar 6, 2024.
             Was an Elder of Ru.
             Slain by a killer bee (2 damage)
             ... on level 4 of the Dungeon.
             The game lasted 00:10:52 (4869 turns).

GummyBearChampion the Cutter (Vine Stalker Brigand) Turns: 4869, Time: 00:10:52

Health: 0/40       AC: 11    Str: 10 (13) XL:     7   Next: 55%
Magic:  0/8        EV: 10    Int:  9 (11) God:    Ru [****..]
Gold:   171        SH:  0    Dex: 17 (18) Spells: 6/6 levels left

rFire   + . .        y - +2 dagger (elec)
rCold   . . .        (no shield)
rNeg    . . .        a - +2 ring mail {rF+}
rPois   .            q - +0 helmet
rElec   .            c - +0 cloak
rCorr   .            x - +0 pair of gloves
SInv    .            o - +0 pair of boots
Will    .....        (no amulet)
Stlth   +++          (no ring)
HPRegen 1.06/turn    (no ring)
MPRegen 0.11/turn

%: guardian spirit
@: lethally poisoned (0 -> -2)
A: fangs 2, regeneration 1, magic shield, antimagic bite, no potion heal 2,
inability to use devices, inexperienced 1
a: Renounce Religion, Draw Out Power, Power Leap


You were on level 4 of the Dungeon.
You worshipped Ru.
Ru was greatly pleased with you.
You visited 1 branch of the dungeon, and saw 5 of its levels.

You collected 346 gold pieces.
You spent 175 gold pieces at shops.


Innate Abilities, Weirdness & Mutations

You have extremely sharp teeth.
Your natural rate of healing is unusually fast.
When hurt, damage is shared between your health and your magic reserves.
Your bite disrupts and absorbs the magic of your enemies.
Potions cannot restore your health.
You cannot study or use magical devices.
You are somewhat inexperienced. (-1 XL)


   Skills:
 - Level 6.0 Fighting
 + Level 6.5 Short Blades
 - Level 3.0 Throwing
 - Level 0.7 Dodging
 - Level 6.0 Stealth


You had 6 spell levels left.
You didn't know any spells.
Your spell library contained the following spells:

 Spells                   Type           Power      Damage    Failure   Level
 Apportation              Tloc           0%         N/A       71%         1
 Necrotise                Necr           0%         1d4       71%         1
 Sting                    Conj/Alch      0%         1d3       71%         1
 Summon Small Mammal      Summ           0%         N/A       71%         1
 Jinxbite                 Hex            0%         N/A       85%         2
 Mercury Vapours          Alch/Air       0%         N/A       85%         2
 Mephitic Cloud           Conj/Alch/Air  0%         N/A       97%         3
 Borgnjor's Vile Clutch   Necr/Erth      0%         N/A       100%        5
 Freezing Cloud           Conj/Ice/Air   0%         6-21      100%        5
 Bombard                  Conj/Erth      0%         9d1       100%        6

Inventory:

Hand Weapons
 y - a +2 dagger of electrocution (weapon)
Missiles
 d - 8 poisoned darts (quivered)
 e - 6 curare-tipped darts {=f}
Armour
 a - a +2 ring mail of fire resistance (worn)
 c - a +0 cloak (worn)
 o - a +0 pair of boots (worn)
 q - a +0 helmet (worn)
 x - a +0 pair of gloves (worn)
Scrolls
 f - a scroll of acquirement {unknown}
 h - 12 scrolls of identify {unknown}
 j - a scroll of fear {unknown}
 k - 2 scrolls of poison {unknown}
 l - a scroll of vulnerability {unknown}
 u - 2 scrolls of brand weapon {unknown}
Potions
 g - a potion of cancellation {unknown}
 m - 2 potions of degeneration
 n - 2 potions of might {unknown}
 p - 2 potions of resistance {unknown}
 s - a potion of lignification {unknown}
 t - a potion of berserk rage {unknown}
 w - 2 potions of mutation {unknown}
 z - a potion of curing {unknown}
 A - a potion of haste {unknown}

Dungeon Overview and Level Annotations

Branches:
Dungeon (5/15)
 Temple: D:4-7

Altars:
Cheibriados
Ru
Sif Muna
Wu Jian

Shops:
D:3 [

Annotations:
D:2 exclusion: orc priest
D:4 1 runed translucent door, Crazy Yiuf

#.......................#
#............)......P####
##...>.........#P...P#
##.....#.....##...### #####
#############..#.######...#
#########.##...).))...#
#.........#########...#
#....†.<..# #....
#....y@...# #...#
#........##########...#
#................##...#
#........#######....###
#........# ####....
#........# ##### #........#
##########


You could see a killer bee.


Message History

You hit the killer bee. Your bite misses the killer bee.
The killer bee is heavily wounded.
You feel sick. The killer bee closely misses you. The killer bee stings you.
* * * LOW HITPOINT WARNING * * *
You are more poisoned.
The killer bee poisons you!
You closely miss the killer bee. Your bite misses the killer bee.
The killer bee is heavily wounded.
* * * LOW HITPOINT WARNING * * *
You feel sick.
The killer bee is stunned by your conviction and fails to attack.
You hit the killer bee.
The killer bee is severely wounded.
* * * LOW HITPOINT WARNING * * *
You feel sick.
The killer bee stings you but does no damage.
The killer bee stings you.
* * * LOW HITPOINT WARNING * * *
You hit the killer bee but do no damage.
The killer bee is severely wounded.
* * * LOW HITPOINT WARNING * * *
You feel sick.
The killer bee stings you but does no damage.
Unknown command.
It was a potion of degeneration.
There was something very wrong with that liquid.
You feel weakened.
You feel dopey.
You feel clumsy.
* * * LOW HITPOINT WARNING * * *
You feel sick. The killer bee stings you.
You die...

Skill      XL: |  1  2  3  4  5  6  7 |
---------------+----------------------+-----
Fighting       | 3 5 6 |  6.0
Short Blades   | 2 3 5 6 |  6.5
Throwing       | 3 |  3.0
Stealth        | 5 6 |  6.0
Dodging        | |  0.7

Action                     |  1- 3 |  4- 6 |  7- 9 || total
---------------------------+-------+-------+-------++-------
  Melee: Dagger            |   142 |   334 |    96 ||   572
         Bite              |    30 |   109 |    25 ||   164
         Punch             |     1 |     5 |     2 ||     8
  Throw: Dart              |       |    22 |       ||    22
 Invoke: Sacrifice Experie |     1 |       |       ||     1
         Sacrifice Artific |       |     1 |       ||     1
    Use: Potion            |       |       |     1 ||     1
   Stab: Sleeping          |     5 |     6 |       ||    11
         Distracted        |       |     2 |       ||     2
 Armour: Scale mail        |    76 |   199 |    11 ||   286
         Robe              |     7 |       |       ||     7
         Ring mail         |       |       |    47 ||    47
  Dodge: Dodged            |    48 |   132 |    40 ||   220

Levels and vault maps discovered:
D:1:      minmay_arrival_semitransparent, layout_loops_ring,
          hellmonk_ecumenical_altar_crossroads
D:2:      cheibrodos_pilgrimage, layout_basic, basic_altar, uniq_robin,
          uniq_jessica
D:3:      layout_loops_corners, jmf_multi_god_temple2, serial_shops,
          shop_fountains, portal_sewer_entry_b, uniq_ijyb
D:4:      layout_rooms, minmay_gold_behind_fungi, abandoned_shop,
          minmay_circle_x, uniq_edmund, uniq_crazy_yiuf_cottage
D:5:      layout_gridville, mainiacjoe_overflow_alcove_1, kennysheep_path_1,
          nrook_mini_backslash

Notes
Turn   | Place    | Note
-------+----------+-------------------------------------------
     0 | D:1      | GummyBearChampion the Vine Stalker Brigand began the quest
                  | for the Orb.
     0 | D:1      | Reached XP level 1. HP: 11/11 MP: 2/2
   102 | D:1      | Reached skill level 2 in Fighting
   138 | D:1      | Reached XP level 2. HP: 16/16 MP: 3/3
   186 | D:1      | Found a faded altar of an unknown god.
   223 | D:1      | Prayed at the altar of an unknown god.
   223 | D:1      | Became a worshipper of Ru the Awakened
   232 | D:1      | Gained mutation: You are somewhat inexperienced. (-1 XL)
                  | [Ru sacrifice]
   232 | D:1      | Reached XP level 1. HP: 11/11 MP: 2/2
   232 | D:1      | Reached * piety under Ru
   703 | D:2      | Reached skill level 3 in Fighting
   728 | D:2      | Reached skill level 2 in Short Blades
   728 | D:2      | Reached XP level 2. HP: 16/16 MP: 3/3
   744 | D:2      | Noticed Robin
  1125 | D:2      | Reached XP level 3. HP: 20/20 MP: 4/4
  1147 | D:2      | Reached skill level 3 in Short Blades
  1147 | D:2      | Reached skill level 2 in Throwing
  1227 | D:2      | Found a snail-covered altar of Cheibriados.
  1330 | D:2      | Noticed Jessica
  1335 | D:2      | Killed Jessica
  1336 | D:2      | Reached skill level 3 in Throwing
  1336 | D:2      | Reached skill level 5 in Stealth
  1336 | D:2      | Reached XP level 4. HP: 24/24 MP: 5/5
  1669 | D:2      | Killed Robin
  1774 | D:2      | Reached skill level 6 in Stealth
  2169 | D:3      | Found Tecasuc's Antique Armour Emporium.
  2452 | D:3      | Reached XP level 5. HP: 10/29 MP: 1/6
  2454 | D:3      | HP: 1/29 [orc priest/divine providence (12)]
  2471 | D:3      | Reached skill level 4 in Fighting
  2851 | D:3      | Gained mutation: You cannot study or use magical devices.
                  | [Ru sacrifice]
  2851 | D:3      | Reached ** piety under Ru
  2851 | D:3      | Reached *** piety under Ru
  2851 | D:3      | Reached **** piety under Ru
  3075 | D:3      | Noticed Ijyb
  3085 | D:3      | Killed Ijyb
  3174 | D:3      | Found a shimmering blue altar of Sif Muna.
  3187 | D:3      | Found an ornate altar of the Wu Jian Council.
  3358 | D:4      | Noticed Edmund
  3388 | D:4      | Killed Edmund
  3389 | D:4      | Reached skill level 5 in Fighting
  3389 | D:4      | Reached XP level 6. HP: 35/35 MP: 7/7
  3483 | D:4      | Reached skill level 4 in Short Blades
  3664 | D:4      | Got Fane's Anthology of Sandy Beguiling
  3785 | D:4      | Reached skill level 5 in Short Blades
  4106 | D:4      | Found a runed translucent door.
  4107 | D:4      | Noticed Crazy Yiuf
  4305 | D:5      | Entered Level 5 of the Dungeon
  4333 | D:4      | Reached XP level 7. HP: 18/39 MP: 2/8
  4393 | D:5      | Reached skill level 6 in Short Blades
  4481 | D:3      | Bought a glowing ring mail for 175 gold pieces
  4856 | D:4      | Reached skill level 6 in Fighting
  4867 | D:4      | HP: 4/40 [killer bee (1)]
  4869 | D:4      | Slain by a killer bee

Vanquished Creatures
  Edmund (D:4)
  An ogre (D:4)
  2 phantoms
  3 scorpions
  2 killer bees
  A bombardier beetle (D:4)
  5 orc priests
  Ijyb (D:3)
  Jessica (D:2)
  3 iguanas
  2 orc wizards
  A sleepcap (D:4)
  Robin (D:2)
  7 gnolls
  5 adders
  A river rat (D:3)
  2 ufetubi (D:3)
  A dart slug (D:2)
  2 ribbon worms
  24 orcs
  3 endoplasms
  8 giant cockroaches
  16 goblins
  19 hobgoblins
  2 jackals (D:3)
  3 kobolds
  A quokka (D:3)
  6 ball pythons
  6 bats
  3 frilled lizards (D:1)
  3 rats
136 creatures vanquished.

Vanquished Creatures (others)
  An orc (D:4)
1 creature vanquished.

Grand Total: 137 creatures vanquished

Table legend: (Time is in decaauts)
 A = Elapsed time spent in this place.
 B = Non-inter-level travel time spent in this place.
 C = Inter-level travel time spent in this place.
 D = Time resting spent in this place.
 E = Time spent auto-exploring this place.
 F = Levels seen in this place.
 G = Mean time per level.
                   A        B        C        D        E       F      G
               +--------+--------+--------+--------+--------+-----+--------+
         Total |   4765 |   4411 |    354 |    646 |   2591 |   5 |  953.0 |
       Dungeon |   4765 |   4411 |    354 |    646 |   2591 |   5 |  953.0 |
               +--------+--------+--------+--------+--------+-----+--------+

Top non-repeatable levels by time:
     D:3: 1490 daAuts
     D:2: 1146 daAuts
     D:4: 959 daAuts
     D:1: 858 daAuts
     D:5: 311 daAuts

Table legend:
 A = Non-vault XP
 B = Vault XP
 C = Vault XP percentage of total XP
 D = Non-vault monster count
 E = Vault monster count
 F = Vault count percentage of total count
                 A         B        C        D         E       F
            +---------+---------+-------+---------+---------+-------
      Total |    1357 |     478 |  26.0 |     106 |      29 |  21.5
            +---------+---------+-------+---------+---------+-------
        D:1 |      40 |       0 |   0.0 |      18 |       0 |   0.0
        D:2 |     127 |     120 |  48.6 |      26 |      16 |  38.1
        D:3 |     185 |      73 |  28.3 |      24 |       9 |  27.3
        D:4 |     533 |     285 |  34.8 |      24 |       4 |  14.3
        D:5 |     472 |       0 |   0.0 |      14 |       0 |   0.0
            +---------+---------+-------+---------+---------+-------
